Map: Odyssey LE

Players

VortiX - Winner!

  • Race: Zerg Zerg
  • Spawn Location: 11:00

Gambeta

  • Race: Terran Terran
  • Spawn Location: 5:00

Event: WCS Valencia 2017

VOD

Have the link to the VOD?

Description

Time

  • Played on: July 13, 2017, 6:44 a.m.
  • Length: 14:01

All games in this series

Show
View Real Time Build Order
Export as new Build Order

VortiX Zerg - Winner!

Build Orders: Pool First, Muta Ling Bane 

Get SALT Encoding   

  12  0:00  Drone  
  13  0:12  Overlord  
  13  0:16  Drone  
  14  0:30  Drone x2  
  14  0:34  Drone  
  14  0:35  Extractor  
  16  0:46  Spawning Pool  
  15  0:50  Drone  
  15  0:55  Drone  
  17  1:17  Hatchery  
  17  1:32  Zergling x4  
  17  1:35  Metabolic Boost  
  18  1:43  Queen  
  20  1:49  Overlord  
  20  1:54  Zergling x2  
  20  1:56  Zergling x2  
  22  2:08  Zergling x2  
  23  2:16  Zergling x2  
  23  2:18  Queen  
  26  2:34  Drone x2  
  28  2:40  Queen, Drone x2  
  32  2:48  Overlord  
  31  2:55  Drone x3  
  34  3:01  Queen  
  36  3:09  Drone x2, Overlord  
  37  3:15  Drone  
  38  3:21  Drone  
  38  3:24  Drone  
  40  3:31  Drone x2  
  42  3:36  Hatchery  
  41  3:41  Drone x2  
  41  3:42  Drone  
  41  3:47  Drone, Overlord  
  41  3:48  Drone  
  46  3:50  Drone  
  47  3:59  Overlord  
  47  4:09  Extractor  
  45  4:11  Drone x2  
  45  4:12  Drone x3  
  45  4:14  Drone x3  
  45  4:15  Overlord  
  53  4:23  Overlord  
  53  4:27  Evolution Chamber x2, Drone, Extractor  
  53  4:29  Extractor  
  50  4:35  Zergling x2  
  50  4:37  Zergling x2  
  52  4:38  Zergling x2  
  52  4:39  Zergling x2  
  52  4:40  Drone  
  54  4:46  Zergling x8  
  54  4:50  Drone  
  58  4:58  Drone  
  59  5:00  Zerg Melee Weapons Level 1  
  59  5:05  Zerg Ground Armor Level 1  
  59  5:07  Drone x5  
  60  5:08  Drone  
  65  5:15  Baneling Nest  
  65  5:16  Lair  
  65  5:17  Drone x2  
  65  5:19  Zergling x2  
  67  5:21  Zergling x2  
  67  5:22  Zergling x2  
  67  5:25  Drone  
  67  5:26  Drone  
  71  5:31  Zergling x4  
  73  5:38  Zergling x4  
  73  5:39  Zergling x4  
  76  5:48  Drone x5  
  76  5:49  Drone  
  82  5:51  Overlord  
  82  5:56  Overlord  
  82  6:03  Overlord  
  82  6:09  Extractor  
  82  6:11  Extractor  
  80  6:12  Drone x3  
  80  6:15  Drone x3  
  80  6:16  Drone x3  
  89  6:24  Drone  
  87  6:25  Spire  
  87  6:28  Overlord  
  87  6:29  Drone  
  87  6:30  Drone  
  87  6:37  Drone x4  
  91  6:41  Centrifical Hooks  
  91  6:43  Overlord  
  91  6:46  Hatchery, Drone x2  
  92  6:47  Baneling  
  92  6:48  Baneling x8  
  92  6:49  Zergling x8  
  92  6:51  Pneumatized Carapace  
  96  6:54  Overlord  
  96  6:56  Overlord  
  96  6:59  Overlord  
  96  7:01  Overlord  
  96  7:06  Zerg Melee Weapons Level 2  
  96  7:11  Zerg Ground Armor Level 2  
  96  7:21  Zergling x2  
  96  7:22  Zergling x14  
  104  7:37  Mutalisk x6  
  104  7:38  Mutalisk x2  
  104  7:40  Overseer  
  104  7:43  Drone  
  104  7:44  Drone x5  
  126  7:53  Mutalisk x2  
  126  7:55  Extractor  
  126  7:56  Extractor  
  126  7:59  Mutalisk  
  126  8:08  Mutalisk  
  126  8:10  Drone  
  126  8:11  Drone x10  
  139  8:23  Drone x3  
  139  8:24  Baneling x3  
  139  8:25  Baneling x2  
  142  8:30  Infestation Pit  
  142  8:32  Mutalisk x3  
  147  8:36  Drone x2  
  147  8:37  Baneling x2  
  147  8:38  Baneling x3  
  149  8:43  Zergling x2  
  149  8:44  Zergling x10  
  149  8:46  Baneling x2  
  155  8:55  Mutalisk x3  
  157  9:01  Overlord x3  
  156  9:03  Overlord  
  156  9:06  Hatchery  
  155  9:13  Baneling x4  
  155  9:19  Overlord x5  
  155  9:20  Overlord  
  155  9:22  Hive  
  155  9:23  Zergling x16  
  155  9:24  Zergling x2  
  158  9:30  Mutalisk x2  
  162  9:37  Zergling x14  
  166  9:39  Hatchery  
  166  9:43  Zergling x2  
  163  9:55  Zergling x18  
  172  10:08  Zergling x18  
  172  10:10  Baneling x6  
  172  10:11  Baneling x6  
  180  10:15  Extractor  
  180  10:18  Mutalisk  
  180  10:19  Mutalisk  
  182  10:23  Extractor, Zergling x12  
  182  10:28  Zergling x2  
  187  10:32  Drone x2  
  187  10:33  Drone x3  
  187  10:34  Drone  
  187  10:44  Zerg Ground Armor Level 3, Zerg Melee Weapons Level 3  
  187  10:47  Ultralisk Cavern, Adrenal Glands  
  187  10:49  Zergling x16  
  189  10:57  Overseer x2  
  189  11:04  Drone x2  
  189  11:05  Drone x2  
  193  11:26  Baneling x14  
  193  11:36  Hatchery  
  193  11:37  Spine Crawler  
  193  11:38  Spine Crawler  
  193  11:39  Spine Crawler  
  189  11:40  Spore Crawler, Spine Crawler  
  182  11:50  Chitinous Plating  
  182  11:52  Ultralisk x3  
  195  11:59  Ultralisk  
  199  12:02  Greater Spire  
  199  12:04  Spire  
  190  12:16  Ultralisk, Zergling x8  
  197  12:25  Zergling x2  
  197  12:26  Zergling x4  
  192  12:37  Baneling x3  
  192  12:38  Baneling x10  
  192  12:43  Ultralisk x2, Zergling x6  
  192  12:44  Zergling x2  
  200  12:48  Zergling x4  
  200  12:49  Zergling x12  
  199  13:22  Baneling  
  199  13:23  Baneling x5  
  199  13:24  Hatchery  
  199  13:25  Extractor  
Show
View Real Time Build Order
Export as new Build Order

Gambeta Terran 

Build Orders: Reaper Expand, MMM Bio 

Get SALT Encoding   

  12  0:00  SCV  
  13  0:13  SCV  
  14  0:17  Supply Depot  
  14  0:25  SCV  
  15  0:38  SCV  
  15  0:40  Barracks  
  16  0:44  Refinery  
  16  0:50  SCV  
  17  1:03  SCV  
  18  1:15  SCV  
  19  1:27  Orbital Command  
  19  1:28  Reaper  
  20  1:40  Command Center  
  20  1:52  Supply Depot  
  20  1:54  SCV  
  21  2:05  Barracks Reactor  
  21  2:06  SCV  
  22  2:18  SCV  
  23  2:23  Factory  
  23  2:30  SCV  
  24  2:41  Marine x2  
  24  2:43  SCV  
  27  2:44  Command Center  
  26  2:59  Marine x2  
  26  3:00  SCV  
  28  3:11  Bunker  
  30  3:15  Command Center  
  30  3:17  SCV  
  29  3:26  Hellion  
  31  3:27  Refinery  
  31  3:29  Barracks Tech Lab  
  31  3:37  Supply Depot  
  31  3:48  Stimpack  
  31  3:56  Hellion x2, Marine, Starport, SCV  
  38  4:06  Orbital Command  
  38  4:08  SCV  
  36  4:14  Marine  
  37  4:20  Hellion x2, SCV  
  42  4:29  Orbital Command  
  42  4:30  Orbital Command  
  42  4:32  SCV  
  42  4:34  Medivac  
  42  4:38  Marine  
  45  4:44  SCV  
  47  4:47  Hellion x2  
  51  4:56  SCV  
  52  5:02  SCV  
  52  5:03  Marine  
  52  5:04  SCV  
  55  5:09  Hellion, SCV, Supply Depot  
  55  5:10  Starport Reactor  
  55  5:11  Supply Depot  
  58  5:19  Hellion, SCV  
  58  5:20  SCV  
  62  5:21  Marine  
  62  5:26  Engineering Bay  
  63  5:29  SCV  
  63  5:31  Engineering Bay  
  63  5:35  SCV  
  65  5:36  SCV  
  65  5:39  Marine  
  65  5:41  SCV  
  68  5:49  SCV  
  69  5:50  Barracks  
  69  5:51  SCV  
  69  5:52  Barracks  
  69  5:54  SCV  
  69  5:55  Factory Reactor  
  71  5:57  Terran Infantry Armor Level 1, Marine, Terran Infantry Weapons Level 1  
  71  6:01  SCV  
  71  6:03  SCV  
  74  6:08  SCV  
  75  6:13  SCV  
  75  6:14  Marine, Medivac x2  
  75  6:15  SCV  
  70  6:28  Barracks x2, Refinery  
  70  6:32  Marine  
  68  6:39  Marine x2  
  62  6:40  Combat Shields  
  62  6:41  SCV  
  62  6:45  Supply Depot  
  62  6:46  Armory  
  66  6:47  Marine x2  
  66  6:49  Refinery, Medivac  
  66  6:50  Marine  
  66  6:52  Orbital Command  
  66  6:53  SCV  
  71  6:55  Factory Reactor  
  71  6:56  SCV  
  71  6:57  Marine x2  
  74  7:05  SCV, Medivac, Marine x2  
  74  7:08  Marine, SCV  
  80  7:15  Marine x2, Supply Depot  
  82  7:17  Barracks Reactor x2, SCV  
  82  7:18  SCV  
  82  7:20  SCV  
  86  7:23  Marine x2  
  86  7:26  Marine  
  86  7:27  Medivac  
  86  7:29  SCV  
  92  7:31  Supply Depot  
  92  7:33  Marine  
  92  7:36  Widow Mine  
  93  7:37  Marine, SCV x2  
  93  7:41  Bunker, Marine x2  
  93  7:42  Supply Depot  
  93  7:44  Marine  
  101  7:52  Widow Mine  
  101  7:53  Marine, Medivac, SCV x3  
  101  7:54  Marine x2  
  109  8:02  Supply Depot x2  
  109  8:03  Marine x6  
  112  8:10  Marine  
  112  8:11  Medivac, Widow Mine  
  112  8:12  Marine  
  116  8:17  Refinery  
  117  8:23  Marine x5, Medivac  
  117  8:24  Marine x2, SCV  
  117  8:25  SCV  
  128  8:27  Widow Mine  
  128  8:28  Marine  
  128  8:29  Terran Vehicle And Ship Armor Level 1, SCV  
  128  8:30  Marine  
  128  8:31  Supply Depot  
  133  8:46  Supply Depot  
  133  8:47  Supply Depot  
  133  8:48  Supply Depot  
  133  8:51  Refinery  
  133  8:52  Widow Mine  
  133  8:53  Marine x2, Medivac, SCV x2  
  133  8:54  Missile Turret  
  141  8:55  Missile Turret  
  141  9:05  Marine  
  141  9:06  Marine  
  141  9:07  Marine  
  141  9:08  Marine x3, SCV  
  145  9:12  Marine  
  145  9:13  Marine x2  
  147  9:18  SCV  
  147  9:20  Missile Turret  
  147  9:23  Marine  
  144  9:24  Marine  
  144  9:25  Terran Infantry Armor Level 2, Marine x2, Terran Infantry Weapons Level 2  
  144  9:27  SCV x2  
  144  9:29  Marine x2, Widow Mine  
  144  9:30  SCV, Medivac x2, Widow Mine  
  160  9:31  Marine  
  160  9:32  Marine  
  159  9:40  Marine  
  159  9:41  Marine  
  159  9:42  Marine  
  159  9:43  Marine x2  
  162  9:47  Marine x2  
  162  9:49  Marine  
  162  9:50  Marine  
  158  9:57  Marine  
  158  9:59  Marine  
  160  10:00  Marine  
  160  10:01  Marine x2  
  160  10:05  Marine x2  
  165  10:09  Command Center  
  165  10:18  Marine x2  
  165  10:19  Marine x3, SCV  
  165  10:20  Marine  
  164  10:41  Supply Depot  
  164  10:45  Marine x3  
  164  10:47  Marine, Supply Depot  
  157  10:51  Widow Mine  
  157  10:52  Marine x3, SCV x2  
  157  10:56  Marine x2  
  138  10:57  Medivac, Widow Mine  
  138  10:58  SCV  
  138  11:03  Marine x3  
  146  11:05  Marine  
  146  11:09  Marine x3  
  150  11:14  Marine, SCV  
  150  11:15  Starport  
  150  11:16  Marine  
  153  11:20  Marine x3  
  153  11:23  Marine  
  157  11:27  Marine  
  157  11:29  Marine  
  157  11:30  Marine, Widow Mine  
  157  11:31  Marine  
  163  11:34  Marine  
  163  11:38  Marine x3  
  167  11:41  Marine  
  167  11:45  Marine  
  165  11:47  Marine x2  
  165  11:49  Marine  
  165  11:52  Marine  
  160  11:56  Marine x3  
  160  11:59  Marine  
  164  12:03  Marine  
  164  12:04  Starport Reactor  
  164  12:05  Marine x2  
  164  12:07  Marine  
  168  12:10  Marine  
  168  12:14  Marine x3  
  172  12:16  Marine  
  173  12:26  Liberator  
  173  12:27  Liberator  
  173  12:28  Marine  
  173  12:33  Marine x2  
  173  12:34  Marine, Widow Mine  
  173  12:36  Liberator  
  173  12:38  Marine  
  173  12:39  Marine x2  
  173  12:42  Marine  
  173  12:43  Marine  
  173  12:46  Marine  
  162  12:51  Marine x3  
  162  12:57  Marine  
  172  13:25  Marine  
  173  13:28  Orbital Command  
Tags
 
Add a new tag
Caveats
  • Supply blocks, unpowered buildings, or Contaminate may cause inaccurate times.
  • Supply counts are checked every 10 seconds.